[Event "Khanty-Mansiysk FIDE GP (Women)"]
[Site "Khanty-Mansiysk"]
[Date "2014.04.10"]
[Round "2"]
[White "Lagno, Kateryna"]
[Black "Girya, Olga"]
[Result "1-0"]
[ECO "B49"]
[WhiteElo "2543"]
[BlackElo "2450"]
[Annotator "ChessBase Website"]
[PlyCount "81"]
[EventDate "2014.04.09"]
[EventType "tourn"]
[EventRounds "11"]
[EventCountry "RUS"]
[EventCategory "10"]
[SourceTitle "CBM 160"]
[Source "ChessBase"]
[SourceDate "2014.05.15"]
[SourceVersion "1"]
[SourceVersionDate "2014.05.15"]
[SourceQuality "1"]
[TimeControl "40/5400+30:1800+30"]
[WhiteClock "1:30:00"]
[BlackClock "1:30:00"]

1. e4 c5 2. Nf3 e6 3. d4 cxd4 4. Nxd4 Nc6 5. Nc3 Qc7 6. Be3 a6 7. Be2 b5 {[%emt 0:00:53]
Girya used a quick b5 in the Paulsen set-up, which has been tried at the top
level but only in blitz. The experiment was not completely unsuccessful as
Black obtained a playable position from the opening, but from that moment all
it was the Ukrainian that swarmed the board. deflection:} 8. Nxc6 Qxc6 9. e5 (9. Bf3 Bb7 10. O-O Qc7 11.
Qd2 Rc8 12. Rad1 d6 13. a3 Nf6 14. Bf4 Nd7 15. Bxd6 Bxd6 16. Qxd6 Qxd6 17. Rxd6
Ke7 18. Rfd1 Ne5 19. Be2 g5 20. f3 Rc7 21. Kf2 Rhc8 22. R6d2 h5 23. Rc1 h4 24.
Nd1 g4 25. Ne3 Rg8 26. c4 g3+ 27. hxg3 hxg3+ 28. Ke1 Ng6 29. Rdc2 bxc4 30. Rxc4
Rd7 31. Rd1 Nf4 32. Rxd7+ Kxd7 33. e5 Nd5 34. Nxd5 Bxd5 35. Rf4 Ke7 36. Rh4 Rg5
37. f4 Rg8 {0-1 (37) Karjakin,S (2756)-Wang,Y (2723) Beijing 2013}) 9... Qc7 10. Bf3 Bb7 11. O-O Rc8 12. Bxb7 Qxb7 13. Qd3 f5 14. a4 $146 (14.
exf6 Nxf6 15. Bd4 Be7 16. Bxf6 gxf6 17. Rfe1 Rg8 18. g3 f5 19. Rad1 Rc4 20. Qe2
Rg6 21. Rd3 Qc6 22. Nd1 f4 23. c3 fxg3 24. hxg3 Rf4 25. Qh5 Rf7 26. Ree3 Rgf6
27. Re5 Qc4 28. Rd2 Qxa2 29. Rg5 Bf8 30. Rg8 Rf5 31. Qh1 Rd5 32. Rxd5 Qxd5 33.
Qxd5 exd5 34. Ne3 d4 35. cxd4 Ke7 36. Rg5 Kd6 37. Rc5 Ke6 38. Rc8 Bg7 39. d5+
Kd6 40. b3 Bd4 41. Ra8 Bxe3 42. fxe3 Kxd5 43. Rxa6 Kc5 {Dragun,K (2520)
-Zhigalko,A (2603) Legnica 2013 0-1 (69)}) 14... b4 15. Ne2 Ne7 16. c4 Nc6 17. f4 b3 18. a5 Nb4 19. Qxb3 Qe4 20. Nd4 Nd3 21. Rf3 g5 22. Rd1 g4 23. Rxd3 {[%emt 0:00:13] An
interesting exchange sacrifice gave Lagno the initiative as compensation, and
Girya's response was less than precise. A series of quick punches gave Lagno a
winning endgame that she finished off with the following nice} gxf3 24. gxf3 Qa8 25. Qa4 Bc5 26. Nxf5 Rg8+ 27. Kf2 Qc6 28. Qxc6 Rxc6 29. Bxc5 exf5 30. b4 Rh6 31. b5 Rxh2+ 32. Ke3 Ra2 33. b6 Rb2 34. Ba3 Rb1 35. e6 Rg7 36. Bf8 Kxf8 37. exd7 Re7+ 38. Kd2 Rxd7 39. Rxd7 h5 40. b7 Ke8 41. Rc7 1-0